 Dungeon Crawl Stone Soup version 0.29.0-4-gdea44cf6ec (webtiles) character file.

Game seed: 2355629451832049520

1999 qw the Grappler (level 9, -5/74 HPs)
             Began as a Ghoul Fire Elementalist on Aug 29, 2022.
             Was a Follower of Okawaru.
             Slain by a gnoll bouda
             ... wielding a +0 whip
              (6 damage)
             ... on level 7 of the Dungeon.
             The game lasted 00:05:43 (7246 turns).

qw the Grappler (Ghoul Fire Elementalist)           Turns: 7246, Time: 00:05:43

Health: -5/74      AC:  5    Str: 16    XL:     9   Next: 21%
Magic:  5/10       EV:  0    Int: 10    God:    Okawaru [*.....]
Gold:   403        SH:  4    Dex: 15    Spells: 10/11 levels left

rFire   . . .      SeeInvis .     - Unarmed
rCold   + + .      Faith    .   j - +0 buckler
rNeg    + + +      Spirit   .   c - +0 crystal plate armour
rPois   inf        Reflect  .   (no helmet)
rElec   .          Harm     .   (no cloak)
rCorr   .          Rampage  .   l - +0 pair of gloves
Will    .....                   (no boots)
Stlth   ..........              (no amulet)
HPRegen 0.00/turn               h - +6 ring of dexterity
MPRegen 0.12/turn               o - ring of protection from cold

@: about to teleport, corroded, inhibited regen
A: claws 1, cold resistance 1, negative energy resistance 3, inhibited
regeneration, torment resistance 2, devour on kill
a: Renounce Religion, Heroism


You were on level 7 of the Dungeon.
You worshipped Okawaru.
Okawaru was aware of your devotion.
You visited 2 branches of the dungeon, and saw 8 of its levels.

You collected 403 gold pieces.


Innate Abilities, Weirdness & Mutations

You are immune to poison.
You have sharp fingernails.
Your flesh is cold resistant. (rC+)
You are immune to negative energy. (rN+++)
You do not regenerate when monsters are visible.
You are immune to unholy pain and torment.
You thrive by killing the living.


   Skills:
 - Level 5.0 Fighting
 - Level 4.0 Armour
 - Level 1.7 Dodging
 - Level 2.1 Stealth
 - Level 2.2 Shields
 + Level 9.9 Unarmed Combat
 - Level 1.7 Spellcasting
 - Level 0.7 Conjurations
 - Level 2.4 Fire Magic
 + Level 1.7 Invocations


You had 10 spell levels left.
You knew the following spells:

 Your Spells              Type           Power      Damage    Failure   Level
a - Foxfire               Conj/Fire      16%        2x1d4     100%        1

Your spell library contained the following spells:

 Spells                   Type           Power      Damage    Failure   Level
 Scorch                   Fire           10%        2d6       100%        2
 Conjure Flame            Conj/Fire      4%         6-21      100%        3
 Inner Flame              Hex/Fire       3%         N/A       100%        3
 Flame Wave               Conj/Fire      4%         2d5       100%        4

Inventory:

Missiles
 e - 3 boomerangs (quivered)
Armour
 c - a +0 crystal plate armour (worn)
 j - a +0 buckler (worn)
 l - a +0 pair of gloves (worn)
Jewellery
 h - a +6 ring of dexterity (left hand)
 o - a ring of protection from cold (right hand)
Scrolls
 a - a scroll of identify
Potions
 d - a potion of mutation
 f - a potion of invisibility {unknown}
 i - a potion of ambrosia {unknown}
 k - a potion of berserk rage {unknown}
 m - a potion of degeneration {unknown}
 n - a potion of haste {unknown}

Dungeon Overview and Level Annotations

Branches:
Dungeon (7/15)             Temple (1/1) D:6

Altars:
Fedhas
Gozag
Hepliaklqana
Kikubaaqudgha
Makhleb
Nemelex Xobeh
Okawaru
Qazlal
Ru
Sif Muna
Trog
Xom
Yredelemnul

Shops:
D:1 =


Message History

You rip the net and break free!
The gnoll is no longer moving quickly. x2; You block the gnoll's attack.
The gnoll bouda barks out a call to the hunt!
The gnolls pick up the pace!
The gnoll completely misses you.
7241 ||| Stepping ~*~*~tactically~*~*~ (outnumbered).
The gnoll hits you from afar with a +2 antimagic halberd!
You feel your power leaking away.
You closely miss the gnoll bouda. You block the gnoll bouda's attack.
7243 ||| Stepping ~*~*~tactically~*~*~ (outnumbered).
The gnoll barely misses you. The acid dragon spits acid at you.
The splash of acid hits you! The acid corrodes you!
The gnoll hits you but does no damage.
7244 ||| READING scroll of teleportation.
As you read the scroll of teleportation, it crumbles to dust.
You feel strangely unstable.
The gnoll bouda is no longer unusually resistant.
The gnoll bouda hits you with a +0 club.
The gnoll bouda hits you but does no damage.
The gnoll hits you with a +0 flail. You block the gnoll's attack.
The gnoll hits you but does no damage.
The gnoll hits you from afar with a +0 spear!
The gnoll hits you but does no damage.
7245 ||| DRINKING potion of heal wounds.
You feel much better. You block the gnoll bouda's attack.
The gnoll bouda hits you with a +0 whip.
The gnoll hits you with a +0 flail.
The gnoll hits you from afar with a +0 halberd.
The gnoll hits you from afar with a +0 spear. x2
The gnoll hits you with a +0 club.
7246 ||| Stepping ~*~*~tactically~*~*~ (outnumbered).
The gnoll attacks as you move away! You block the gnoll's attack.
You feel like a meek peon again. You block the gnoll bouda's attack.
The gnoll hits you from afar with a +0 halberd.
The gnoll bouda hits you with a +0 whip.
You die...

....#)#...#.$#..##.#
...........#...#...##
.....#..g#...#...#.. #
......[#...#...#...#..
.D[..#...#..g#...#...#..
..#...#...#.g.#...#...#..#
....#.g.#.gg#gg.#...#....##
.#?..#...#.Dg#...#...#....#
.....#...#.(g#g@.#...#........
#..#...#...#gg.#...#...#......
##...#...#...#...#...#........
#..#/..#...#...#...#...#......
.#....#...#...#...#...#........
....#...#...#...#...#...#......
......#...#...#...#...#).......
....#...#...#...#...#)))#......
......#...#...#)..#...#......##


You could see an acid dragon, 2 gnoll boudas and 7 gnolls.

Vanquished Creatures
  Grinder (D:5)
  3 water moccasins
  A black bear (D:7)
  An ice beast (D:5)
  A sky beast (D:7)
  A centaur (D:5)
  2 ogres (D:6)
  A phantom (D:5)
  A kobold brigand (D:7)
  A scorpion (D:5)
  2 bullfrogs (D:6)
  2 howler monkeys
  3 hounds (D:5)
  2 jellies (D:6)
  3 iguanas
  4 orc wizards
  12 adders
  2 shadow imps
  A white imp (D:5)
  2 ufetubi (D:5)
  A worm (D:3)
  3 dart slugs
  18 orcs
  4 endoplasms
  2 giant cockroaches
  4 goblins
  3 hobgoblins
  4 jackals (D:1)
  6 quokkas
  10 ball pythons
  5 bats
  11 kobolds
  7 rats
124 creatures vanquished.

Vanquished Creatures (others)
  2 plants (D:1)
2 creatures vanquished.

Grand Total: 126 creatures vanquished

Notes
Turn   | Place    | Note
-------+----------+-------------------------------------------
     0 | D:1      | qw the Ghoul Fire Elementalist began the quest for the Orb.
     0 | D:1      | Reached XP level 1. HP: 14/14 MP: 2/2
     0 | D:1      | 0 ||| qw: Version: 0.1-a-90-g952f4b7
     0 | D:1      | 0 ||| qw: Game counter: 4176
     0 | D:1      | 0 ||| qw: Always use a shield: true
     0 | D:1      | 0 ||| qw: God list: Okawaru
     0 | D:1      | 0 ||| qw: Allow faded altars: false
     0 | D:1      | 0 ||| qw: Do Orc after D:15 true
     0 | D:1      | 0 ||| qw: Do second Lair branch before Depths: true
     0 | D:1      | 0 ||| qw: Lair rune preference: random
     0 | D:1      | 0 ||| qw: Plans: Normal
     0 | D:1      | 0 ||| PLANNING D:1-11
    84 | D:1      | Reached skill level 1 in Unarmed Combat
   120 | D:1      | HP: 1/14 [quokka (4)]
   448 | D:1      | 448 ||| Stepping ~*~*~tactically~*~*~ (stealth).
   449 | D:1      | 449 ||| Stepping ~*~*~tactically~*~*~ (stealth).
   452 | D:1      | Reached skill level 1 in Fighting
   452 | D:1      | Reached XP level 2. HP: 23/23 MP: 3/3
   454 | D:1      | 454 ||| Stepping ~*~*~tactically~*~*~ (stealth).
   456 | D:1      | 456 ||| Stepping ~*~*~tactically~*~*~ (stealth).
   458 | D:1      | 458 ||| Stepping ~*~*~tactically~*~*~ (stealth).
   556 | D:1      | Found a faded altar of an unknown god.
   839 | D:1      | 839 ||| Stepping ~*~*~tactically~*~*~ (stealth).
   841 | D:1      | 841 ||| Stepping ~*~*~tactically~*~*~ (stealth).
   921 | D:1      | Reached skill level 2 in Unarmed Combat
  1272 | D:1      | Reached XP level 3. HP: 28/28 MP: 4/4
  1310 | D:1      | Found Romyaczufe's Jewellery Shop.
  1318 | D:1      | 1318 ||| SHOPLISTING +6 ring of strength (360 gold, have
                  | 75).
  1318 | D:1      | 1318 ||| SHOPLISTING amulet of guardian spirit (300 gold,
                  | have 75).
  1318 | D:1      | 1318 ||| SHOPLISTING amulet of regeneration (300 gold, have
                  | 75).
  1318 | D:1      | 1318 ||| SHOPLISTING ring of protection from cold (250
                  | gold, have 75).
  1318 | D:1      | 1318 ||| SHOPLISTING ring of willpower (250 gold, have 75).
  1592 | D:1      | 1592 ||| UPGRADING to +0 scale mail.
  1602 | D:1      | 1602 ||| DROPPING +0 robe.
  1603 | D:1      | 1603 ||| UPGRADING to +0 plate armour.
  1613 | D:1      | 1613 ||| DROPPING +0 scale mail.
  1614 | D:1      | 1614 ||| READING scroll labelled WOASTESTROUMO.
  1615 | D:1      | 1615 ||| READING scroll labelled XAGADEOFRIS.
  1618 | D:1      | 1618 ||| DROPPING potion of magic.
  1786 | D:2      | Reached skill level 3 in Unarmed Combat
  2201 | D:2      | Identified the +11 sling "Murmur" {venom, Int+3}
  2303 | D:2      | Reached skill level 1 in Armour
  2303 | D:2      | Reached XP level 4. HP: 29/35 MP: 5/5
  2351 | D:2      | 2351 ||| Stepping ~*~*~tactically~*~*~ (hiding).
  2585 | D:2      | 2585 ||| UPGRADING to +0 crystal plate armour.
  2595 | D:2      | 2595 ||| DROPPING +0 plate armour.
  2596 | D:2      | 2596 ||| UPGRADING to +6 ring of dexterity.
  2597 | D:2      | 2597 ||| READING scroll labelled COYNEMAOHA.
  2598 | D:2      | 2598 ||| READING 2 scrolls labelled EDUR CYUCS.
  2624 | D:3      | 2624 ||| Stepping ~*~*~tactically~*~*~ (stealth).
  2625 | D:3      | 2625 ||| Stepping ~*~*~tactically~*~*~ (stealth).
  2671 | D:3      | 2671 ||| Stepping ~*~*~tactically~*~*~ (stealth).
  2887 | D:3      | Reached skill level 4 in Unarmed Combat
  3055 | D:3      | 3055 ||| Stepping ~*~*~tactically~*~*~ (outnumbered).
  3066 | D:3      | Reached XP level 5. HP: 35/41 MP: 6/6
  3256 | D:3      | 3256 ||| DROPPING scarf of invisibility.
  3257 | D:3      | 3257 ||| READING scroll labelled CAUTYNL XIKOVOUC.
  3258 | D:3      | 3258 ||| DRINKING 2 fizzy cyan potions.
  3259 | D:3      | 3259 ||| DROPPING potion of attraction.
  3353 | D:4      | 3353 ||| FLEEEEING.
  3354 | D:4      | 3354 ||| FLEEEEING.
  3355 | D:4      | 3355 ||| FLEEEEING.
  3360 | D:4      | 3360 ||| FLEEEEING.
  3361 | D:4      | 3361 ||| FLEEEEING.
  3367 | D:4      | 3367 ||| FLEEEEING.
  3368 | D:4      | 3368 ||| FLEEEEING.
  3369 | D:4      | 3369 ||| STAIRDANCE
  3471 | D:4      | 3471 ||| Stepping ~*~*~tactically~*~*~ (hiding).
  3472 | D:4      | 3472 ||| Stepping ~*~*~tactically~*~*~ (hiding).
  3686 | D:4      | 3686 ||| Stepping ~*~*~tactically~*~*~ (hiding).
  3746 | D:4      | 3746 ||| Stepping ~*~*~tactically~*~*~ (stealth).
  3981 | D:4      | 3981 ||| READING scroll labelled VETTAR SOUFUO.
  3982 | D:4      | 3982 ||| READING 2 scrolls of identify.
  3982 | D:4      | 3982 ||| IDENTIFYING fuming pink potion
  4003 | D:5      | Entered Level 5 of the Dungeon
  4005 | D:5      | 4005 ||| STAIRDANCE
  4024 | D:5      | Reached XP level 6. HP: 46/48 MP: 7/7
  4040 | D:5      | Noticed an ice beast
  4058 | D:5      | Killed an ice beast
  4059 | D:5      | Reached skill level 5 in Unarmed Combat
  4083 | D:5      | Noticed a water moccasin
  4085 | D:5      | 4085 ||| FLEEEEING.
  4086 | D:5      | 4086 ||| FLEEEEING.
  4089 | D:5      | 4089 ||| FLEEEEING.
  4090 | D:5      | 4090 ||| FLEEEEING.
  4091 | D:5      | 4091 ||| FLEEEEING.
  4092 | D:5      | 4092 ||| FLEEEEING.
  4093 | D:5      | 4093 ||| FLEEEEING.
  4094 | D:5      | 4094 ||| STAIRDANCE
  4169 | D:4      | 4169 ||| READING 2 scrolls of identify.
  4169 | D:4      | 4169 ||| IDENTIFYING bubbling golden potion
  4186 | D:5      | Killed a water moccasin
  4187 | D:5      | Reached skill level 6 in Unarmed Combat
  4187 | D:5      | 4187 ||| STAIRDANCE
  4361 | D:5      | 4361 ||| Stepping ~*~*~tactically~*~*~ (stealth).
  4372 | D:5      | Reached XP level 7. HP: 48/56 MP: 8/8
  4381 | D:5      | 4381 ||| FLEEEEING.
  4382 | D:5      | 4382 ||| FLEEEEING.
  4383 | D:5      | 4383 ||| FLEEEEING.
  4384 | D:5      | 4384 ||| FLEEEEING.
  4385 | D:5      | 4385 ||| FLEEEEING.
  4386 | D:5      | 4386 ||| FLEEEEING.
  4387 | D:5      | 4387 ||| FLEEEEING.
  4388 | D:5      | 4388 ||| FLEEEEING.
  4389 | D:5      | 4389 ||| FLEEEEING.
  4391 | D:5      | 4391 ||| FLEEEEING.
  4392 | D:5      | 4392 ||| FLEEEEING.
  4393 | D:5      | 4393 ||| FLEEEEING.
  4394 | D:5      | 4394 ||| FLEEEEING.
  4395 | D:5      | 4395 ||| FLEEEEING.
  4396 | D:5      | 4396 ||| FLEEEEING.
  4397 | D:5      | 4397 ||| FLEEEEING.
  4398 | D:5      | 4398 ||| FLEEEEING.
  4399 | D:5      | 4399 ||| FLEEEEING.
  4400 | D:5      | 4400 ||| FLEEEEING.
  4401 | D:5      | 4401 ||| FLEEEEING.
  4402 | D:5      | 4402 ||| STAIRDANCE
  4488 | D:5      | 4488 ||| Stepping ~*~*~tactically~*~*~ (stealth).
  4499 | D:5      | 4499 ||| Stepping ~*~*~tactically~*~*~ (stealth).
  4527 | D:5      | Reached skill level 3 in Fighting
  4604 | D:5      | Noticed Grinder
  4623 | D:5      | Killed Grinder
  4624 | D:5      | Reached skill level 7 in Unarmed Combat
  4749 | D:5      | 4749 ||| Stepping ~*~*~tactically~*~*~ (hiding).
  4851 | D:5      | Reached skill level 3 in Armour
  4857 | D:5      | Reached XP level 8. HP: 64/64 MP: 9/9
  4926 | D:5      | 4926 ||| Stepping ~*~*~tactically~*~*~ (hiding).
  4927 | D:5      | 4927 ||| Stepping ~*~*~tactically~*~*~ (hiding).
  4938 | D:5      | Reached skill level 8 in Unarmed Combat
  5296 | D:5      | 5296 ||| Stepping ~*~*~tactically~*~*~ (stealth).
  5297 | D:5      | 5297 ||| Stepping ~*~*~tactically~*~*~ (stealth).
  5335 | D:5      | 5335 ||| Stepping ~*~*~tactically~*~*~ (stealth).
  5468 | D:5      | 5468 ||| UPGRADING to +0 buckler.
  5473 | D:5      | 5473 ||| UPGRADING to +0 pair of gloves.
  5478 | D:5      | 5478 ||| READING scroll labelled LUVIYXKEHONN.
  5479 | D:5      | 5479 ||| READING 2 scrolls of identify.
  5479 | D:5      | 5479 ||| IDENTIFYING puce potion
  5522 | D:6      | Reached skill level 1 in Shields
  5581 | D:6      | Found a staircase to the Ecumenical Temple.
  5582 | D:6      | 5582 ||| PLANNING TEMPLE
  5587 | Temple   | Entered the Ecumenical Temple
  5647 | Temple   | Became a worshipper of Warmaster Okawaru
  5756 | Temple   | 5756 ||| PLANNING D:1-11
  5827 | D:6      | 5827 ||| Stepping ~*~*~tactically~*~*~ (stealth).
  5828 | D:6      | 5828 ||| Stepping ~*~*~tactically~*~*~ (stealth).
  6071 | D:6      | 6071 ||| Stepping ~*~*~tactically~*~*~ (hiding).
  6088 | D:6      | 6088 ||| DRINKING potion of curing.
  6088 | D:6      | 6088 ||| (to cure confusion)
  6187 | D:6      | Identified the +8 flail "Impslayer" {freeze, rPois Will+
                  | SInv}
  6441 | D:6      | Reached skill level 9 in Unarmed Combat
  6828 | D:6      | Reached XP level 9. HP: 74/74 MP: 10/10
  6841 | D:6      | 6841 ||| UPGRADING to ring of protection from cold.
  6842 | D:6      | 6842 ||| READING scroll labelled SOINUI JUSUAFA.
  6843 | D:6      | 6843 ||| DRINKING 2 black potions.
  6844 | D:6      | 6844 ||| DROPPING potion of flight.
  6921 | D:6      | 6921 ||| Stepping ~*~*~tactically~*~*~ (outnumbered).
  6922 | D:6      | 6922 ||| Stepping ~*~*~tactically~*~*~ (outnumbered).
  7075 | D:7      | 7075 ||| Stepping ~*~*~tactically~*~*~ (outnumbered).
  7076 | D:7      | 7076 ||| Stepping ~*~*~tactically~*~*~ (outnumbered).
  7077 | D:7      | 7077 ||| Stepping ~*~*~tactically~*~*~ (outnumbered).
  7078 | D:7      | 7078 ||| Stepping ~*~*~tactically~*~*~ (outnumbered).
  7079 | D:7      | 7079 ||| Stepping ~*~*~tactically~*~*~ (outnumbered).
  7089 | D:7      | 7089 ||| Stepping ~*~*~tactically~*~*~ (stealth).
  7091 | D:7      | 7091 ||| Stepping ~*~*~tactically~*~*~ (stealth).
  7099 | D:7      | 7099 ||| Stepping ~*~*~tactically~*~*~ (outnumbered).
  7103 | D:7      | 7103 ||| Stepping ~*~*~tactically~*~*~ (stealth).
  7104 | D:7      | 7104 ||| Stepping ~*~*~tactically~*~*~ (stealth).
  7105 | D:7      | 7105 ||| Stepping ~*~*~tactically~*~*~ (stealth).
  7106 | D:7      | 7106 ||| Stepping ~*~*~tactically~*~*~ (stealth).
  7107 | D:7      | 7107 ||| Stepping ~*~*~tactically~*~*~ (stealth).
  7109 | D:7      | 7109 ||| Stepping ~*~*~tactically~*~*~ (stealth).
  7110 | D:7      | 7110 ||| Stepping ~*~*~tactically~*~*~ (outnumbered).
  7111 | D:7      | 7111 ||| Stepping ~*~*~tactically~*~*~ (outnumbered).
  7112 | D:7      | 7112 ||| Stepping ~*~*~tactically~*~*~ (outnumbered).
  7115 | D:7      | 7115 ||| Stepping ~*~*~tactically~*~*~ (outnumbered).
  7122 | D:7      | Reached * piety under Okawaru
  7123 | D:7      | 7123 ||| INVOKING Heroism.
  7132 | D:7      | Reached skill level 1 in Invocations
  7195 | D:7      | 7195 ||| Stepping ~*~*~tactically~*~*~ (stealth).
  7197 | D:7      | 7197 ||| Stepping ~*~*~tactically~*~*~ (stealth).
  7198 | D:7      | 7198 ||| Stepping ~*~*~tactically~*~*~ (stealth).
  7200 | D:7      | 7200 ||| Stepping ~*~*~tactically~*~*~ (stealth).
  7212 | D:7      | 7212 ||| Stepping ~*~*~tactically~*~*~ (stealth).
  7213 | D:7      | 7213 ||| Stepping ~*~*~tactically~*~*~ (hiding).
  7214 | D:7      | 7214 ||| Stepping ~*~*~tactically~*~*~ (hiding).
  7215 | D:7      | 7215 ||| Stepping ~*~*~tactically~*~*~ (hiding).
  7216 | D:7      | 7216 ||| INVOKING Heroism.
  7219 | D:7      | 7219 ||| Stepping ~*~*~tactically~*~*~ (outnumbered).
  7220 | D:7      | 7220 ||| Stepping ~*~*~tactically~*~*~ (outnumbered).
  7228 | D:7      | 7228 ||| Stepping ~*~*~tactically~*~*~ (outnumbered).
  7229 | D:7      | 7229 ||| Stepping ~*~*~tactically~*~*~ (outnumbered).
  7230 | D:7      | 7230 ||| Stepping ~*~*~tactically~*~*~ (outnumbered).
  7231 | D:7      | 7231 ||| INVOKING Heroism.
  7232 | D:7      | 7232 ||| Stepping ~*~*~tactically~*~*~ (outnumbered).
  7233 | D:7      | 7233 ||| Stepping ~*~*~tactically~*~*~ (outnumbered).
  7234 | D:7      | 7234 ||| Stepping ~*~*~tactically~*~*~ (outnumbered).
  7235 | D:7      | 7235 ||| Stepping ~*~*~tactically~*~*~ (outnumbered).
  7236 | D:7      | 7236 ||| Stepping ~*~*~tactically~*~*~ (outnumbered).
  7237 | D:7      | 7237 ||| Stepping ~*~*~tactically~*~*~ (outnumbered).
  7238 | D:7      | 7238 ||| Stepping ~*~*~tactically~*~*~ (outnumbered).
  7239 | D:7      | 7239 ||| Stepping ~*~*~tactically~*~*~ (outnumbered).
  7240 | D:7      | 7240 ||| Stepping ~*~*~tactically~*~*~ (outnumbered).
  7241 | D:7      | 7241 ||| Stepping ~*~*~tactically~*~*~ (outnumbered).
  7243 | D:7      | 7243 ||| Stepping ~*~*~tactically~*~*~ (outnumbered).
  7243 | D:7      | HP: 13/74 [acid dragon/splash of acid (11)]
  7244 | D:7      | 7244 ||| READING scroll of teleportation.
  7244 | D:7      | HP: 1/74 [gnoll/+0 spear[a gnoll bouda] (7)]
  7245 | D:7      | 7245 ||| DRINKING potion of heal wounds.
  7246 | D:7      | 7246 ||| Stepping ~*~*~tactically~*~*~ (outnumbered).
  7246 | D:7      | Slain by a gnoll bouda

Levels and vault maps discovered:
D:1:      heliophobic_arrival_enchanted_forest, layout_loops_ring,
          shapermc_ecumenical_altar_rom_forum, serial_shops, shop,
          minmay_shallow_snake_nest
D:2:      layout_loops_cross, hangedman_decor_push, dreamdust_mushroom_princess,
          minmay_misc_feat_secret_circle
D:3:      layout_rooms, kennysheep_cross_bottleneck
D:4:      layout_loops_ring
D:5:      minmay_skewed_foursquare, layout_rooms, st_stairs_7, uniq_grinder
D:6:      layout_loops_ring, minmay_temple_entry_offerings,
          hangedman_abyss_or_decor_lesser_grid, serial_park_tiny_2,
          chequers_serial_rivers_small_3, chequers_serial_rivers_marsh,
          nicolae_hexahallways, nicolae_fountain_basement
D:7:      layout_rooms, mainiacjoe_overflow_boulevard, hex_large
Temple:   eino_temple_water

Skill      XL: |  1  2  3  4  5  6  7  8  9 |
---------------+----------------------------+-----
Unarmed Combat | 1 2 3 4 6 7 9 |  9.9
Fighting       | 1 2 3 5 |  5.0
Armour         | 1 2 3 4 |  4.0
Shields        | 2 |  2.2
Invocations    | 1 |  1.7
Dodging        | |  1.7
Stealth        | |  2.1
Spellcasting   | |  1.7
Conjurations   | |  0.7
Fire Magic     | |  2.4

Action                   |  1- 3 |  4- 6 |  7- 9 || total
-------------------------+-------+-------+-------++-------
Melee: Unarmed           |   170 |   195 |   229 ||   594
       Punch             |     1 |     3 |     5 ||     9
Throw: Boomerang         |       |     1 |     6 ||     7
Invok: Heroism           |       |       |     3 ||     3
  Use: Scroll            |     2 |     6 |     4 ||    12
       Potion            |       |     1 |     3 ||     4
Armor: Robe              |    18 |       |       ||    18
       Plate armour      |    48 |    15 |       ||    63
       Crystal plate arm |       |   143 |   237 ||   380
Dodge: Dodged            |    62 |     5 |    19 ||    86
Block: Buckler           |       |       |    42 ||    42

Table legend:
 A = Non-vault XP
 B = Vault XP
 C = Vault XP percentage of total XP
 D = Non-vault monster count
 E = Vault monster count
 F = Vault count percentage of total count
                 A         B        C        D         E       F
            +---------+---------+-------+---------+---------+-------
      Total |    2220 |     636 |  22.3 |     111 |      13 |  10.5
            +---------+---------+-------+---------+---------+-------
        D:1 |      37 |       2 |   5.1 |      22 |       1 |   4.3
        D:2 |      82 |       0 |   0.0 |      20 |       0 |   0.0
        D:3 |      90 |       0 |   0.0 |      18 |       0 |   0.0
        D:4 |     102 |       0 |   0.0 |      11 |       0 |   0.0
        D:5 |     767 |     586 |  43.3 |      15 |       9 |  37.5
        D:6 |     764 |      48 |   5.9 |      14 |       3 |  17.6
        D:7 |     378 |       0 |   0.0 |      11 |       0 |   0.0
            +---------+---------+-------+---------+---------+-------
